 Dungeon Crawl Stone Soup version 0.30.1-11-g7821555f0a (webtiles) character file.

Game seed: 16788773923133429367

506 jagang the Slasher (level 7, -1/56 HPs)
             Began as a Barachi Monk on Nov 10, 2023.
             Slain by Blork the orc
             ... wielding a +0 hand axe
              (7 damage)
             ... on level 5 of the Dungeon.
             The game lasted 00:06:55 (2680 turns).

jagang the Slasher (Barachi Monk)                   Turns: 2680, Time: 00:06:55

Health: -1/56      AC:  9    Str: 12    XL:     7   Next: 18%
Magic:  7/7        EV: 12    Int: 17    God:
Gold:   79         SH:  0    Dex: 16    Spells: 6/6 levels left

rFire   . . .        v - +0 long sword (heavy)
rCold   . . .        d - orb {light}
rNeg    + . .        k - +0 ring mail
rPois   .            o - +0 helmet
rElec   .            e - +0 cloak
rCorr   .            (no gloves)
SInv    .            r - +0 pair of boots
Will    .....        (no amulet)
Stlth   +            p - +6 ring of intelligence
HPRegen 0.29/turn    s - ring of positive energy
MPRegen 0.10/turn

%: no passive effects
@: glowing, slow
A: amphibious, slowness 1, strong legs 1, +LOS
a: Hop


You were on level 5 of the Dungeon.
You visited 1 branch of the dungeon, and saw 5 of its levels.

You collected 79 gold pieces.

Inventory:

Hand Weapons
 v - a +0 heavy long sword (weapon)
Armour
 d - an orb of light (worn)
 e - a +0 cloak (worn)
 k - a +0 ring mail (worn)
 o - a +0 helmet (worn)
 r - a +0 pair of boots (worn)
Jewellery
 p - a +6 ring of intelligence (left hand)
 s - a ring of positive energy (right hand)
Wands
 x - a wand of paralysis (11)
 A - a wand of polymorph (12)
Scrolls
 a - a scroll of vulnerability
 i - 2 scrolls of immolation {unknown}
 j - a scroll of magic mapping
 t - a scroll of enchant armour
 u - a scroll of enchant weapon
 y - a scroll of silence {unknown}
 z - a scroll of teleportation {unknown}
Potions
 b - a potion of flight {unknown}
 c - 2 potions of ambrosia
 f - 4 potions of heal wounds {unknown}
 g - a potion of lignification {unknown}
 h - a potion of brilliance
 l - a potion of curing
 m - a potion of attraction {unknown}
 n - a potion of mutation {unknown}
 q - 2 potions of invisibility {unknown}
 w - a potion of resistance {unknown}


   Skills:
 + Level 5.3 Fighting
 * Level 6.6 Long Blades
 + Level 3.6 Armour
 + Level 4.7 Dodging


You had 6 spell levels left.
You didn't know any spells.
Your spell library contained the following spells:

 Spells                   Type           Power      Damage    Failure   Level
 Shock                    Conj/Air       0%         1d3       45%         1
 Call Canine Familiar     Summ           0%         N/A       83%         3
 Portal Projectile        Hex/Tloc       0%         N/A       83%         3
 Swiftness                Air            0%         N/A       83%         3
 Airstrike                Air            0%         2d(0-16)  99%         4
 Leda's Liquefaction      Hex/Erth       0%         N/A       99%         4


Dungeon Overview and Level Annotations

Branches:
Dungeon (5/15)
 Temple: D:4-7

Altars:
Elyvilon
Kikubaaqudgha
Qazlal
Trog

Shops:
D:1 :   D:4 (

Annotations:
D:3 1 runed translucent door, Joad's ghost, amateur HOMo
D:5 Blork the orc


Innate Abilities, Weirdness & Mutations

You are amphibious.
You cover ground slowly.
You can hop short distances.
You have an extended range of vision and can be seen from far away.


Message History

An iguana comes into view.
An iguana is nearby!
The iguana hisses angrily.
You hit Blork the orc.
Blork the orc is lightly wounded.
Blork the orc casts a spell at you. The puff of frost misses you.
Blork the orc closely misses you.
You barely miss Blork the orc.
Blork the orc is lightly wounded.
Blork the orc misses you.
You barely miss Blork the orc.
Blork the orc is lightly wounded.
The iguana barely misses you. Blork the orc misses you.
The iguana barely misses you. Blork the orc casts a spell at you.
The magic dart hits you.
You hit Blork the orc but do no damage.
Blork the orc is lightly wounded.
The iguana bites you but does no damage.
Blork the orc barely misses you. The iguana barely misses you.
Blork the orc barely misses you.
You slash Blork the orc!
Blork the orc is heavily wounded.
The iguana completely misses you.
Blork the orc gestures wildly while chanting.
Blork the orc seems to speed up.
You completely miss Blork the orc.
Blork the orc is heavily wounded.
Blork the orc barely misses you.
The iguana bites you but does no damage.
Blork the orc gestures at you while chanting.
The puff of frost hits you!
* * * LOW HITPOINT WARNING * * *
The iguana bites you but does no damage.
Blork the orc points at you and mumbles some strange words.
The magic dart hits you but does no damage.
You slash Blork the orc!
Blork the orc is almost dead.
Blork the orc hits you with a +0 hand axe!
You die...

.... ..#...#
...#.# #...#
##..# #
#...#####.###.
#.#...........
#...#l..#
####).#@..#
#...†<.o..#
#............##
#........#####
#........#
....#...## ##.
###. # #. ##


You could see Blork the orc (fast, empowered) and an iguana.

Vanquished Creatures
  A phantom (D:4)
  2 scorpions
  Crazy Yiuf (D:2)
  Jessica (D:2)
  Robin (D:2)
  5 gnolls
  8 adders
  3 worms
  3 dart slugs
  2 orcs
  8 ball pythons
  9 endoplasms
  3 giant cockroaches
  19 goblins
  9 hobgoblins
  3 jackals (D:3)
  5 quokkas
  5 bats
  2 frilled lizards
  14 kobolds
  3 rats
107 creatures vanquished.

Notes
Turn   | Place    | Note
-------+----------+-------------------------------------------
     0 | D:1      | jagang the Barachi Monk began the quest for the Orb.
     0 | D:1      | Reached XP level 1. HP: 18/18 MP: 1/1
    88 | D:1      | Found Roet's Book Shop.
   144 | D:1      | Reached XP level 2. HP: 24/25 MP: 2/2
   175 | D:1      | Reached skill level 4 in Long Blades
   228 | D:1      | Reached skill level 1 in Armour
   280 | D:1      | Reached XP level 3. HP: 17/30 MP: 3/3
   908 | D:2      | Reached XP level 4. HP: 32/37 MP: 4/4
  1105 | D:2      | Noticed Robin
  1118 | D:2      | Killed Robin
  1182 | D:2      | Reached skill level 5 in Long Blades
  1204 | D:2      | Reached XP level 5. HP: 43/43 MP: 5/5
  1430 | D:2      | Noticed Jessica
  1434 | D:2      | Killed Jessica
  1577 | D:2      | Found a runed translucent door.
  1578 | D:2      | Noticed Crazy Yiuf
  1589 | D:2      | Killed Crazy Yiuf
  1801 | D:3      | Reached XP level 6. HP: 28/49 MP: 6/6
  1810 | D:3      | Found a runed translucent door.
  1815 | D:3      | Noticed Joad's ghost (amateur HOMo)
  2042 | D:3      | Found an ancient bone altar of Kikubaaqudgha.
  2337 | D:3      | Found a stormy altar of Qazlal.
  2342 | D:3      | Found a bloodstained altar of Trog.
  2342 | D:3      | Found a white marble altar of Elyvilon.
  2480 | D:4      | Found Xireonto's Weapon Boutique.
  2489 | D:4      | Reached skill level 5 in Fighting
  2489 | D:4      | Reached skill level 6 in Long Blades
  2601 | D:4      | Reached XP level 7. HP: 56/56 MP: 7/7
  2631 | D:5      | Entered Level 5 of the Dungeon
  2662 | D:5      | Noticed Blork the orc
  2680 | D:5      | Slain by Blork the orc

Illustrated notes

Levels and vault maps discovered:
D:1:      matt_arrival_grand_opening, layout_loops_ring, serial_shops,
          nicolae_shop_real_fake_doors
D:2:      layout_loops_ring, uniq_crazy_yiuf_cottage, uniq_robin, uniq_jessica
D:3:      kennysheep_the_goblin_king, layout_loops_ring,
          grunt_temple_overflow_open, kiku_gazebo_garden_becter,
          ebering_ghost_sewer_d, minivault_27, solitary_fountain,
          minmay_strange_pillars
D:4:      layout_basic, serial_shops, shop, serial_bayou_lake_a
D:5:      layout_loops_ring, temple_green, uniq_eustachio, uniq_blork_the_orc

Skill      XL: |  1  2  3  4  5  6 |
---------------+-------------------+-----
Long Blades    | 4 5 6 |  6.6
Armour         | 1 2 3 |  3.6
Fighting       | 4 5 |  5.3
Dodging        | 4 |  4.7

Action                     |  1- 3 |  4- 6 |  7- 9 || total
---------------------------+-------+-------+-------++-------
  Melee: Falchion          |    76 |   147 |       ||   223
         Long sword        |       |    29 |    17 ||    46
Ability: Hop               |       |       |     1 ||     1
    Use: Scroll            |       |     4 |       ||     4
 Armour: Robe              |     7 |       |       ||     7
         Ring mail         |    11 |    70 |     9 ||    90
  Dodge: Dodged            |    45 |   129 |    17 ||   191
